 Dungeon Crawl Stone Soup version 0.30-a0-743-gbfdf073431 (webtiles) character file.

Game seed: 6673703012128476611

134 Bnni the Shooter (level 4, -6/27 HPs)
             Began as a Deep Elf Hunter on Feb 6, 2023.
             Mangled by Edmund
             ... wielding a +0 dire flail of protection
              (17 damage)
             ... on level 4 of the Dungeon.
             The game lasted 00:03:05 (2303 turns).

Bnni the Shooter (Deep Elf Hunter)                  Turns: 2303, Time: 00:03:06

Health: -6/27      AC:  3    Str:  8    XL:     4   Next: 95%
Magic:  6/6        EV: 12    Int: 14    God:
Gold:   99         SH:  5    Dex: 20    Spells: 3/3 levels left

rFire   . . .      SeeInvis .    a - +0 shortbow
rCold   . . .      Faith    .    (shield currently unavailable)
rNeg    . . .      Spirit   .    c - +0 leather armour
rPois   .          Reflect  +    (no helmet)
rElec   .          Harm     .    (no cloak)
rCorr   .          Rampage  .    (no gloves)
Will    +....                    (no boots)
Stlth   ++                       p - amulet of reflection
HPRegen 0.24/turn                l - ring of willpower
MPRegen 0.10/turn                (no ring)

@: no status effects
A: no striking features
a: no special abilities


You were on level 4 of the Dungeon.
You visited 1 branch of the dungeon, and saw 4 of its levels.

You collected 99 gold pieces.

Inventory:

Hand Weapons
 a - a +0 shortbow (weapon)
Armour
 c - a +0 leather armour (worn)
Jewellery
 l - a ring of willpower (left hand)
 p - an amulet of reflection (around neck)
Scrolls
 b - a scroll of immolation
 h - 2 scrolls of enchant weapon {unknown}
 i - 2 scrolls of poison {unknown}
 k - a scroll of identify {unknown}
 o - 2 scrolls of amnesia {unknown}
Potions
 d - 2 potions of curing
 e - a potion of might {unknown}
 g - a potion of magic {unknown}
 j - 2 potions of brilliance {unknown}
 m - 2 potions of flight {unknown}
 n - 2 potions of heal wounds {unknown}


   Skills:
 + Level 2.7 Fighting
 * Level 7.5 Ranged Weapons
 - Level 2.4 Dodging
 - Level 1.2 Stealth


You had 3 spell levels left.
You didn't know any spells.
Your spell library was empty.

Dungeon Overview and Level Annotations

Branches:
Dungeon (4/15)
 Temple: D:4-7

Altars:
Gozag
Trog

Annotations:
D:4 Edmund


Message History

Press: ? - help, Shift-Dir - straight line, f/p - Edmund
Aim: Edmund, wielding a +0 dire flail of protection and wearing a +0 leather armour (lightly wounded, 63% to hit)
You throw a poisoned dart. The poisoned dart hits Edmund.
Edmund is poisoned.
Edmund is lightly wounded.
Edmund hits you with a +0 dire flail of protection!
You aren't carrying any items that you can evoke.
Unknown command.
Press: ? - help, v - describe, . - travel The floor.
Adjust (i)tems, (s)pells, or (a)bilities?
p - 3 poisoned darts Adjust to which letter? (? for menu, Esc to quit)
f - 3 poisoned darts
p - an amulet of reflection (around neck) Throw: 3 darts (poison)
Press: ? - help, Shift-Dir - straight line, f/p - Edmund
Aim: Edmund, wielding a +0 dire flail of protection and wearing a +0 leather armour (lightly wounded, poisoned, 63% to hit)
You throw a poisoned dart. The poisoned dart barely misses Edmund.
Edmund hits you with a +0 dire flail of protection!
Throw: 2 darts (poison)
Press: ? - help, Shift-Dir - straight line, f/p - Edmund
Aim: Edmund, wielding a +0 dire flail of protection and wearing a +0 leather armour (lightly wounded, poisoned, 63% to hit)
You throw a poisoned dart. The poisoned dart hits Edmund.
Edmund looks even sicker.
Edmund is lightly wounded.
Edmund hits you with a +0 dire flail of protection!
* * * LOW HITPOINT WARNING * * *
Throw: dart (poison)
Press: ? - help, Shift-Dir - straight line, f/p - Edmund
Aim: Edmund, wielding a +0 dire flail of protection and wearing a +0 leather armour (lightly wounded, very poisoned, 63% to hit)
You throw a poisoned dart. The poisoned dart hits Edmund.
Edmund is lightly wounded.
You block Edmund's attack.
It was a potion of curing.
You feel better.
Edmund hits you with a +0 dire flail of protection.
Edmund attacks as you move away! You block Edmund's attack.
Edmund attacks as you move away!
Edmund hits you with a +0 dire flail of protection!
Ouch! That really hurt!
You die...

# .. #.# ..
#.###############
#(.(...(..@@....#
#..############.#
...:..............#
....†...............#
..###...###...###...#
. #.. #...# #...#
#...###...###...#
................#
....
................#


You could see Edmund (poisoned).

Vanquished Creatures
  6 adders
  2 worms (D:2)
  2 dart slugs (D:2)
  3 orcs (D:3)
  5 endoplasms
  2 giant cockroaches (D:2)
  5 goblins
  2 hobgoblins
  6 jackals (D:2)
  3 quokkas
  11 ball pythons
  9 bats
  2 frilled lizards
  3 kobolds (D:2)
  4 rats
65 creatures vanquished.

Vanquished Creatures (others)
  2 fungi (D:3)
  14 plants (D:3)
16 creatures vanquished.

Grand Total: 81 creatures vanquished

Notes
Turn   | Place    | Note
-------+----------+-------------------------------------------
     0 | D:1      | Bnni the Deep Elf Hunter began the quest for the Orb.
     0 | D:1      | Reached XP level 1. HP: 12/12 MP: 3/3
   206 | D:1      | Reached XP level 2. HP: 17/17 MP: 4/4
   263 | D:1      | Reached skill level 6 in Ranged Weapons
   854 | D:2      | Reached XP level 3. HP: 21/21 MP: 5/5
  1120 | D:2      | Reached XP level 4. HP: 27/27 MP: 6/6
  1406 | D:2      | Reached skill level 7 in Ranged Weapons
  1869 | D:3      | Found an opulent altar of Gozag.
  1945 | D:3      | Found a bloodstained altar of Trog.
  2283 | D:4      | Noticed Edmund
  2303 | D:4      | Mangled by Edmund

Illustrated notes

Levels and vault maps discovered:
D:1:      reono_arrival_mine, layout_loops_corners
D:2:      wad_pebble_path, layout_loops_ring, minmay_fountain_box
D:3:      layout_loops_ring, mainiacjoe_overflow_cross_hatched,
          mainiacjoe_overflow_concentric_impassable, amethyst_killhole,
          dreamdust_mushroom_princess
D:4:      minmay_evil_eye, layout_loops_ring, nicolae_qazlal_scattered_showers,
          kennysheep_boxes, uniq_edmund, uniq_robin

Skill      XL: |  1  2  3  4 |
---------------+-------------+-----
Ranged Weapons | 6 7 |  7.5
Fighting       | 2 |  2.7
Dodging        | |  2.4
Stealth        | |  1.2

Action                     |  1- 3 |  4- 6 || total
---------------------------+-------+-------++-------
   Fire: Shortbow          |    87 |    80 ||   167
  Throw: Dart              |       |     6 ||     6
    Use: Potion            |       |     1 ||     1
 Armour: Leather armour    |     3 |     6 ||     9
  Dodge: Dodged            |    23 |    11 ||    34
  Block: Other             |       |     8 ||     8

Table legend: (Time is in decaauts)
 A = Elapsed time spent in this place.
 B = Non-inter-level travel time spent in this place.
 C = Inter-level travel time spent in this place.
 D = Time resting spent in this place.
 E = Time spent auto-exploring this place.
 F = Levels seen in this place.
 G = Mean time per level.
                   A        B        C        D        E       F      G
               +--------+--------+--------+--------+--------+-----+--------+
         Total |   2340 |   2268 |     72 |      0 |   1932 |   4 |  585.0 |
       Dungeon |   2340 |   2268 |     72 |      0 |   1932 |   4 |  585.0 |
               +--------+--------+--------+--------+--------+-----+--------+

Top non-repeatable levels by time:
     D:1: 857 daAuts
     D:2: 710 daAuts
     D:3: 642 daAuts
     D:4: 129 daAuts
